AoeStats
← Lynchburg

Arena

510540018Analyzed
1v1 RM · 18h ago on Oct 1, 2026· 33m 59s· 2 players
Game mode
Random Map
Map size
Tiny (2 player)
Population
200
Speed
Normal
Resources
Standard
Victory
Conquest
Starting age
Dark Age
Ending age
Imperial Age
RankedLock teamsTeams togetherTeam positionsShared explorationLock speedFull tech treeHidden civsTurbo modeCheats
Victory
Defeat
🇭🇰 Vikings · Hong Kong SAR China
970
+16
🇹🇷 Byzantines · Türkiye
960
-16
Lynchburg
10:05 Feudal Age
14:52 Castle Age
13:07 Double-Bit Axe
14:02 Horse Collar
15:29 Scale Barding Armor
17:02 Bow Saw
25:14 Wheelbarrow
28:11 Imperial Age
26:14 Hand Cart
30:04 Husbandry
31:47 Fletching
31:57 Padded Archer Armor
34:11 Bodkin Arrow
Dingo
9:37 Feudal Age
8:29 Loom
9:28 Loom
13:41 Castle Age
11:45 Double-Bit Axe
12:05 Horse Collar
14:45 Heavy Plow
15:06 Bow Saw
21:17 Scale Mail Armor
21:27 Forging
21:04 Arson
25:12 Chain Mail Armor
27:44 Pikeman
28:24 Squires
31:42 Chieftains
36:06 Imperial Age
33:24 Town Watch
34:15 Iron Casting
33:30 Fletching
33:41 Padded Archer Armor
33:46 Scale Barding Armor
33:24 Treadmill Crane
Connection lost

Rejoining the realm…

Still unreachable

The connection could not be restored.

Session expired

The server has moved on; the page needs a fresh start.